[Event "*** Titled Tuesday Blitz"]
[Site "Chess.com"]
[Date "2019.04.02"]
[Round "10"]
[White "LaughingTiger"]
[Black "Eliwood44"]
[Result "0-1"]
[WhiteElo "2180"]
[BlackElo "2261"]
[TimeControl "180+2"]
[EndTime "16:16:42 PDT"]
[Termination "Eliwood44 won by checkmate"]

1. e4 e5 2. Nf3 Nc6 3. Bc4 Nf6 4. O-O Nxe4 5. d4 d5 6. Bb5 exd4 7. Nxd4 Bd7 8. Re1 Nxd4 9. Bxd7+ Qxd7 10. Qxd4 Be7 11. Nc3 Nxc3 12. Qxg7 O-O-O 13. Qxc3 Rhg8 14. Bf4 Rg4 15. Bg3 h5 16. Qe3 Bd6 17. Qxa7 c6 18. Qa8+ Kc7 19.
Qa5+ Kb8 20. Qa3 Rxg3 21. Qxg3 Bxg3 22. hxg3 Re8 23. Kf1 Re6 24. Rxe6 fxe6 25. f4 Qg7 26. Kf2 Qxb2 27. Re1 Qxc2+ 28. Re2 Qc5+ 29. Kf1 Qd6 30.
Kf2 c5 31. Kf3 c4 32. g4 hxg4+ 33. Kxg4 c3 34. Kf3 d4 35. g4 d3 36. Re1 d2 37.
Rh1 d1=Q+ 38. Rxd1 Qxd1+ 39. Ke3 c2 40. g5 c1=Q+ 41.
Ke4 Qe2+ 42. Kd4 Qcc4# 0-1

[Event "*** Titled Tuesday Blitz"]
[Site "Chess.com"]
[Date "2019.04.02"]
[Round "10"]
[White "GM_RobertoMogranzini"]
[Black "medalja"]
[Result "1-0"]
[WhiteElo "2466"]
[BlackElo "2310"]
[TimeControl "180+2"]
[EndTime "16:16:42 PDT"]
[Termination "GM_RobertoMogranzini won by resignation"]

1. e4 e6 2. d4 d5 3. Bd3 c5 4. exd5 Qxd5 5. Nf3 cxd4 6. O-O Nc6 7. Nbd2 Nf6 8. Nb3 Bd7 9. Re1 Bb4 10. Bd2 Bd6 11. Bg5 h6 12. Bxf6 gxf6 13. Be4 Qh5 14. Nbxd4 Nxd4 15.
Qxd4 Be7 16. Rad1 Rd8 17. Qxa7 f5 18. Bxb7 Rg8 19. Rxd7 Kxd7 20. Qa4+ Kc7 21. Qc6+ Kb8 22. Ba6 Rxg2+ 23. Kxg2 Qg4+ 24. Kh1 Qb4 25. Qb5+ Qxb5 26. Bxb5 Bf6 27. c3 Kc7 28. a4 Kb6 29. Kg2 Rg8+ 30. Kf1 Rg4 31. Ke2 e5 32. Nd2 e4 33. Nc4+ Kc5 34.
Ne3 Rh4 35. Nxf5 Rxh2 36. Ng3 Kd5 37. Rd1+ Ke5 38. Bc6 Bh4 39. Rd5+ Kf4 40. Rf5+ Kg4 41. Rxf7 Bxg3 42. Rg7+ Kf4 43. Rxg3 h5 44. Re3 h4 45. Rxe4+ Kf5 46. a5 h3 47. Rh4 Kg5 48. Rh8 Kg6 49. a6 Kg7 50. Rh4 Kf6 51. a7 1-0

[Event "*** Titled Tuesday Blitz"]
[Site "Chess.com"]
[Date "2019.04.02"]
[Round "10"]
[White "FairChess_on_YouTube"]
[Black "hansen"]
[Result "1-0"]
[WhiteElo "3034"]
[BlackElo "2804"]
[TimeControl "180+2"]
[EndTime "16:16:53 PDT"]
[Termination "FairChess_on_YouTube won by resignation"]

1. c3 e5 2. d4 Nc6 3. e4 Nf6 4. Nf3 Nxe4 5. d5 Nb8 6. Nxe5 Nf6 7. Bc4 d6 8. Nf3 Be7 9. O-O O-O 10. h3 Nbd7 11. Re1 c6 12. dxc6 bxc6 13. Nd4 Ne5 14. Bb3 Bd7 15. Bc2 Re8 16. Bg5 h6 17. Bf4 Bf8 18.
Nd2 Qb6 19. Rb1 a5 20. Bg3 c5 21. Nf5 Bc6 22. Bh4 Nfd7 23. Qh5 Re6 24. f4 g6 25. Nxh6+ Kg7 26. Nf5+ Kg8 27. Qg5 f6 28. Qg3 1-0

[Event "*** Titled Tuesday Blitz"]
[Site "Chess.com"]
[Date "2019.04.02"]
[Round "10"]
[White "Roenko_Artur"]
[Black "Yurovskykh_Oleksandr"]
[Result "0-1"]
[WhiteElo "2273"]
[BlackElo "2517"]
[TimeControl "180+2"]
[EndTime "16:16:55 PDT"]
[Termination "Yurovskykh_Oleksandr won by resignation"]

1. e4 d5 2. exd5 Qxd5 3. Nc3 Qd8 4. d4 Nf6 5. Bc4 a6 6. Nf3 b5 7. Bb3 c5 8. dxc5 Qxd1+ 9. Nxd1 e6 10. Be3 Bb7 11.
O-O Nbd7 12. a4 b4 13. c6 Bxc6 14. Nd4 Bb7 15. a5 Be7 16. c3 bxc3 17. Nxc3 O-O 18. Rfd1 Nc5 19. Bc2 Rac8 20. Rac1 g6 21. Bb1 Nd5 22.
Nxd5 Bxd5 23. b4 Nb3 24. Rxc8 Rxc8 25. b5 Nxd4 26. Bxd4 axb5 27. a6 b4 28. a7 b3 29.
Bd3 Bc5 30. Be5 Bxa7 31. h3 Bb8 32. Bf6 Bf4 33. h4 Rc1 0-1

[Event "*** Titled Tuesday Blitz"]
[Site "Chess.com"]
[Date "2019.04.02"]
[Round "10"]
[White "Sashadav97"]
[Black "StephenDedalus83"]
[Result "1-0"]
[WhiteElo "2560"]
[BlackElo "2652"]
[TimeControl "180+2"]
[EndTime "16:16:56 PDT"]
[Termination "Sashadav97 won by resignation"]

1. d4 Nf6 2. c4 g6 3. Nc3 d5 4. cxd5 Nxd5 5. e4 Nxc3 6. bxc3 Bg7 7. Nf3 c5 8. Bb5+ Nd7 9. O-O O-O 10. Re1 a6 11. Bf1 b6 12. Bf4 Bb7 13. Rc1 e6 14. d5 exd5 15. exd5 b5 16. d6 Qb6 17. Re7 Qc6 18. a4 bxa4 19. Bc4 Bf6 20. Qe2 Bxe7 21. dxe7 Rfe8 22. Rd1 a3 23. Bh6 a2 24. Bxa2 Qa4 25. Bxf7+ Kh8 26. Rxd7 Qa1+ 27. Ne1 Qxc3 28. Bxe8 Rxe8 29. Rd8 1-0

[Event "*** Titled Tuesday Blitz"]
[Site "Chess.com"]
[Date "2019.04.02"]
[Round "10"]
[White "europa2012"]
[Black "dopolian"]
[Result "0-1"]
[WhiteElo "2121"]
[BlackElo "2213"]
[TimeControl "180+2"]
[EndTime "16:16:56 PDT"]
[Termination "dopolian won by checkmate"]

1. d4 Nf6 2. c4 b6 3. Nf3 Bb7 4. g3 e6 5. Bg2 Bb4+ 6. Nbd2 O-O 7. O-O Bxd2 8. Qxd2 Ne4 9. Qc2 d5 10. cxd5 exd5 11.
Ne5 Nd7 12. Bf4 Nxe5 13. Bxe5 Rc8 14. f3 Nd6 15. Bh3 Rb8 16. b3 Bc8 17. Bg2 Bf5 18.
Qc6 Be6 19. Rac1 Rc8 20. Bxd6 Qxd6 21. Qxd6 cxd6 22. f4 f5 23. Kf2 Kf7 24. Rfd1 Ke7 25. Ke3 Rfd8 26. Kd2 Bf7 27. Rxc8 Rxc8 28. Rc1 Rxc1 29.
Kxc1 Ke6 30. e3 Be8 31. a3 Bb5 32. b4 Bd3 33. Kd2 Be4 34. Bxe4 dxe4 35. Kc3 a6 36. a4 Kd5 37. a5 b5 38. Kb3 Ke6 39. Kc3 Kf6 40. d5 Kg6 41. Kd4 Kh5 42. h3 g5 43. g4+ fxg4 44. hxg4+ Kxg4 45. Kxe4 gxf4 46. exf4 h5 47. f5 Kg5 48. f6 Kxf6 49. Kf4 h4 50. Kg4 Ke5 51. Kxh4 Kxd5 52. Kg4 Kc4 53. Kf4 Kxb4 54.
Ke4 Kxa5 55. Kd5 Kb4 56. Kxd6 a5 57. Kd5 a4 58. Kd4 a3 59. Kd3 a2 60. Kc2 a1=Q 61.
Kd2 Qc3+ 62. Ke2 Kc4 63. Kf2 b4 64. Ke2 b3 65. Kf2 b2 66. Ke2 b1=Q 67. Kf2 Qbe1+ 68. Kg2 Qcg3# 0-1

[Event "*** Titled Tuesday Blitz"]
[Site "Chess.com"]
[Date "2019.04.02"]
[Round "10"]
[White "francogreek"]
[Black "Mikhail_Golubev"]
[Result "0-1"]
[WhiteElo "2414"]
[BlackElo "2441"]
[TimeControl "180+2"]
[EndTime "16:16:56 PDT"]
[Termination "Mikhail_Golubev won by resignation"]

1. Nf3 d6 2. g3 g6 3. Bg2 Bg7 4. O-O e5 5. d3 Nc6 6. c4 h6 7. Nc3 f5 8. Rb1 a5 9. a3 g5 10. e4 f4 11. b4 axb4 12. axb4 g4 13. Nh4 f3 14. Bh1 Nge7 15. h3 Nd4 16. hxg4 Bxg4 17.
Nb5 Nec6 18. Be3 O-O 19. Bxd4 exd4 20. Bxf3 Rxf3 21. Nxf3 Qf6 22. Nxc7 Bxf3 23. Nxa8 Bxd1 24. Rbxd1 Qf3 25. Nc7 Ne5 26. Ne8 Ng4 27. Rd2 Be5 28.
c5 dxc5 29. bxc5 h5 30. Nd6 h4 31. Nf5 h3 0-1

[Event "*** Titled Tuesday Blitz"]
[Site "Chess.com"]
[Date "2019.04.02"]
[Round "10"]
[White "Oleg_Papayan"]
[Black "cstevens1"]
[Result "1-0"]
[WhiteElo "2532"]
[BlackElo "2689"]
[TimeControl "180+2"]
[EndTime "16:17:02 PDT"]
[Termination "Oleg_Papayan won by checkmate"]

1. e4 c5 2. Nf3 e6 3. d4 cxd4 4. Nxd4 a6 5. Nc3 Qc7 6. Be2 Nc6 7. O-O Nf6 8. Be3 Bb4 9. f3 O-O 10. Na4 Bd6 11. Nxc6 bxc6 12. Kh1 Be7 13. Nb6 Rb8 14. Nxc8 Qxc8 15. b3 d5 16. Bd3 a5 17. e5 Nd7 18.
f4 Qc7 19. Rf3 g6 20. Rh3 Rfd8 21. Qg4 Nf8 22. Rf1 a4 23. f5 exf5 24. Rxf5 Bb4 25. Rhf3 Rd7 26. Bh6 Re8 27. e6 Rxe6 28. Qxb4 gxf5 29.
Qxf8# 1-0

[Event "*** Titled Tuesday Blitz"]
[Site "Chess.com"]
[Date "2019.04.02"]
[Round "10"]
[White "HanSchut"]
[Black "CzechmVIII"]
[Result "1-0"]
[WhiteElo "2186"]
[BlackElo "2110"]
[TimeControl "180+2"]
[EndTime "16:17:02 PDT"]
[Termination "HanSchut won by resignation"]

1. e4 c5 2. Nf3 d6 3. d4 cxd4 4.
Nxd4 Nf6 5. f3 e5 6. Bb5+ Nbd7 7. Nf5 d5 8. exd5 a6 9. Bxd7+ Qxd7 10. Ne3 Bc5 11.
Nc3 b5 12. Ne4 Nxe4 13. fxe4 O-O 14. O-O f5 15. exf5 Qa7 16. Qd3 Bxf5 17. Rxf5 Rxf5 18. Qxf5 Bxe3+ 19. Kh1 Rf8 20. Qe6+ Kh8 21. Bxe3 Qxe3 22. h3 Qe2 23. Qe7 Rf1+ 24. Kh2 h6 25. Rxf1 Qxf1 26. Qe8+ Kh7 27. Qxe5 Qf2 28. Qe4+ Kg8 29. d6 Qf6 30. Qe8+ Kh7 1-0

[Event "*** Titled Tuesday Blitz"]
[Site "Chess.com"]
[Date "2019.04.02"]
[Round "10"]
[White "scrapnel"]
[Black "Kimster98"]
[Result "1/2-1/2"]
[WhiteElo "2529"]
[BlackElo "2591"]
[TimeControl "180+2"]
[EndTime "16:17:08 PDT"]
[Termination "Game drawn by repetition"]

1. d4 Nf6 2. c4 e6 3. Nc3 Bb4 4. Qc2 O-O 5. a3 Bxc3+ 6. Qxc3 d5 7. Bg5 h6 8. Bh4 dxc4 9. Qxc4 b6 10. Nf3 Ba6 11. Qa4 c5 12. dxc5 bxc5 13. Qc2 Qb6 14. Bxf6 gxf6 15. e3 Bxf1 16. Kxf1 Nc6 17. Qc3 Rab8 18.
Rb1 Kg7 19. h4 Qb3 20. Qxb3 Rxb3 21. Nd2 Rb7 22. Ke2 Rfb8 23. Rhc1 Rxb2 24. Rxb2 Rxb2 25.
Rxc5 Ne5 26. f4 Nd7 27. Rc7 Nb6 28. Kd3 Nd5 29. Rxa7 f5 30. Nc4 Rxg2 31. Ne5 Rg3 32. Kd4 Rxe3 33. Rxf7+ Kg8 34. Rb7 Re4+ 35. Kc5 Nxf4 36.
Kd6 Ra4 37. Rb8+ Kg7 38. Rb7+ Kg8 39. Rb8+ Kg7 40. Rb7+ Kg8 41. Rb8+ Kg7 1/2-1/2

[Event "*** Titled Tuesday Blitz"]
[Site "Chess.com"]
[Date "2019.04.02"]
[Round "10"]
[White "CookiesAndIceCream"]
[Black "2165149677570"]
[Result "0-1"]
[WhiteElo "2352"]
[BlackElo "2368"]
[TimeControl "180+2"]
[EndTime "16:17:08 PDT"]
[Termination "2165149677570 won by resignation"]

1. e4 g6 2. d4 Nf6 3. Nc3 d5 4. exd5 Nxd5 5. Nf3 Nxc3 6. bxc3 Bg7 7. Bd3 O-O 8. O-O c5 9. Re1 Nc6 10. c4 Nxd4 11.
Nxd4 Bxd4 12. Rb1 b6 13. Qf3 Be6 14. Bh6 Bg7 15. Bg5 Qd7 16. h4 h6 17. Bf4 Rad8 18.
Qe3 Bd4 19. Qg3 Bg7 20. Qe3 Bd4 21. Qg3 h5 22. Bxg6 fxg6 23. Qxg6+ Bg7 24. Rxe6 Rxf4 25. Rbe1 Rxh4 26. g3 Rg4 27. Qxh5 Qd4 28. Rxe7 Rxg3+ 29. Kf1 Qxc4+ 30. R7e2 Rg4 31. f3 Rh4 32. Qg6 Rf8 33. Kg2 Qf4 34. Qg3 Qxg3+ 35. Kxg3 Rhf4 36. Rf1 Ra4 0-1

[Event "*** Titled Tuesday Blitz"]
[Site "Chess.com"]
[Date "2019.04.02"]
[Round "10"]
[White "chessdjw"]
[Black "nubair1198"]
[Result "1-0"]
[WhiteElo "2633"]
[BlackElo "2659"]
[TimeControl "180+2"]
[EndTime "16:17:14 PDT"]
[Termination "chessdjw won by checkmate"]

1. e4 c6 2. Nf3 d5 3. Nc3 Nf6 4. exd5 cxd5 5. Ne5 a6 6. d4 Bf5 7. g4 Be4 8. f3 Bg6 9. h4 h5 10.
g5 Ng8 11. Nxg6 fxg6 12. Bd3 Qd6 13. Ne2 Nc6 14. Nf4 O-O-O 15. Nxg6 Qg3+ 16. Kf1 e5 17. Bf5+ Kb8 18. Rh3 Nge7 19. Rxg3 Nxf5 20. Rh3 Rg8 21. dxe5 Bc5 22. Qd3 Rgf8 23. Nxf8 Rxf8 24. Qxd5 Be3 25. f4 Rd8 26. Qxd8+ Nxd8 27. Bxe3 Ne6 28. Rd1 Kc7 29. c3 g6 30. a4 b6 31. b4 a5 32. bxa5 bxa5 33. Rd5 Nxe3+ 34. Rxe3 Nxf4 35. Rxa5 Kb6 36. Rb5+ Kc6 37. e6 Nd5 38. Rxd5 Kxd5 39. e7 Kc4 40. e8=Q Kb3 41. Qb5+ Kc2 42. Re2+ Kxc3 43. Re3+ Kd4 44. Rd3+ Ke4 45. Qd5+ Kf4 46. Rd4+ Kg3 47. Qg2# 1-0

[Event "*** Titled Tuesday Blitz"]
[Site "Chess.com"]
[Date "2019.04.02"]
[Round "10"]
[White "Gabix_94"]
[Black "m3alam"]
[Result "1-0"]
[WhiteElo "2593"]
[BlackElo "2430"]
[TimeControl "180+2"]
[EndTime "16:17:16 PDT"]
[Termination "Gabix_94 won by resignation"]

1. Nf3 c6 2. g3 d5 3. Bg2 Bg4 4. O-O Nd7 5. d4 Ngf6 6. Nbd2 e6 7. Re1 Be7 8. e4 O-O 9. c3 h6 10. h3 Bh5 11. Qb3 Qb6 12. exd5 cxd5 13. Ne5 Nxe5 14. dxe5 Nd7 15. Nf3 Qc7 16. g4 Bg6 17. Qd1 Nc5 18.
Bf1 Be4 19. Bf4 f6 20. Bg3 Bxf3 21. Qxf3 fxe5 22. Bxe5 Rxf3 23. Bxc7 Bh4 24. Re2 Ne4 25. Bg2 Rxf2 26. Rxf2 Nxf2 27. Rf1 Nd3 28. b3 Rc8 29.
Bd6 Rxc3 30. Rf8+ Kh7 31. Bf1 Bf6 32. Kg2 Rc2+ 33. Kg3 Nf2 34. Bg2 Nd1 35. Bf3 Rc3 36.
Kg2 Rc2+ 37. Kg3 Ne3 38. h4 Nf1+ 39. Kh3 Be7 40. Bd1 Bxd6 41. Bxc2+ g6 42. Rxf1 e5 43. h5 e4 44. Rf6 gxh5 45. Rxd6 hxg4+ 46. Kxg4 1-0

[Event "*** Titled Tuesday Blitz"]
[Site "Chess.com"]
[Date "2019.04.02"]
[Round "10"]
[White "NM2019"]
[Black "SergioGarciaFuentes"]
[Result "1-0"]
[WhiteElo "2185"]
[BlackElo "2049"]
[TimeControl "180+2"]
[EndTime "16:17:29 PDT"]
[Termination "NM2019 won by resignation"]

1. c4 Nf6 2. Nf3 g6 3. g3 Bg7 4. Bg2 c6 5. O-O d5 6. d4 O-O 7. a4 dxc4 8. Ne5 Be6 9. a5 Nfd7 10. f4 f6 11. Nf3 Na6 12. Nc3 Rc8 13. e4 Nb4 14. Ne1 f5 15. d5 cxd5 16. exd5 Bf7 17. Be3 Nc5 18. Bxc5 Rxc5 19. Qa4 Nxd5 20. Nxd5 Bxd5 21.
Qb4 Bxg2 22. Nxg2 Rc7 23. Rad1 Qc8 24. Ne3 Rd8 25. Nd5 Rdd7 26. Rfe1 Rc5 27. Nxe7+ Rxe7 28. Rxe7 Bf8 29. Red7 Rd5 30. Qa4 Qc5+ 31. Kg2 Rxd1 32. Qxd1 c3 33. Qb3+ 1-0

[Event "*** Titled Tuesday Blitz"]
[Site "Chess.com"]
[Date "2019.04.02"]
[Round "10"]
[White "effefe"]
[Black "2nd_life"]
[Result "0-1"]
[WhiteElo "2300"]
[BlackElo "2469"]
[TimeControl "180+2"]
[EndTime "16:17:31 PDT"]
[Termination "2nd_life won by resignation"]

1. d4 Nf6 2. c4 e6 3. Nc3 Bb4 4. a3 Bxc3+ 5. bxc3 d5 6. cxd5 Qxd5 7. e3 c5 8. f3 cxd4 9. cxd4 Nc6 10. Bd3 e5 11.
Ne2 exd4 12. exd4 O-O 13. O-O Nxd4 14. Bxh7+ Kxh7 15. Qxd4 Re8 16. Qh4+ Kg8 17. Ng3 Bd7 18. Bg5 Nh7 19. Rfd1 Qc5+ 20. Kh1 Bc6 21. Bd2 Rad8 22. Bb4 Rxd1+ 23. Rxd1 Qc2 24. Qd4 Nf8 25. Bxf8 Kxf8 26.
Nh5 Qg6 27. Nf4 Qf5 28. h4 Kg8 29. Kh2 Kh7 30. Rc1 Re4 31. fxe4 Qxf4+ 32. g3 Qxc1 33. Qe5 Qd2+ 34. Kh3 Bd7+ 35. g4 Qe3+ 0-1

[Event "*** Titled Tuesday Blitz"]
[Site "Chess.com"]
[Date "2019.04.02"]
[Round "10"]
[White "tteshan"]
[Black "Komissarov_alex"]
[Result "1-0"]
[WhiteElo "2191"]
[BlackElo "2066"]
[TimeControl "180+2"]
[EndTime "16:17:35 PDT"]
[Termination "tteshan won on time"]

1. f4 e5 2. d3 exf4 3. Bxf4 d5 4. Nf3 Nc6 5. e4 dxe4 6. dxe4 Qxd1+ 7. Kxd1 Nf6 8. Nc3 Bb4 9. Bd3 Ba5 10. Nd5 O-O 11. Nxc7 Nh5 12. Bd6 Rd8 13. e5 Bxc7 14. Bxc7 Rd7 15. Bd6 Nf4 16. Bb5 Nxg2 17. Bxc6 bxc6 18.
Ke2 Nf4+ 19. Kf2 Ba6 20. Nd4 c5 21. Nf5 Bb7 22. Rhg1 Nh3+ 23. Ke3 Nxg1 24. Rxg1 g6 25. Ne7+ Kh8 26. c4 1-0

[Event "*** Titled Tuesday Blitz"]
[Site "Chess.com"]
[Date "2019.04.02"]
[Round "10"]
[White "ChainsOfFantasia"]
[Black "Vuk2000"]
[Result "1-0"]
[WhiteElo "2506"]
[BlackElo "2694"]
[TimeControl "180+2"]
[EndTime "16:17:39 PDT"]
[Termination "ChainsOfFantasia won by resignation"]

1. d4 Nf6 2. Nf3 e6 3. e3 b6 4.
Bd3 Bb7 5. O-O c6 6. Nbd2 c5 7. c3 Be7 8. Qe2 O-O 9. e4 d6 10.
e5 dxe5 11. dxe5 Nfd7 12. Ne4 Nc6 13. Bf4 Qc7 14. Neg5 g6 15. Rfe1 Rfd8 16. h4 c4 17. Bc2 Nc5 18. Rad1 Ba6 19. h5 Nd3 20. Bxd3 Rxd3 21.
hxg6 hxg6 22. Qe4 Qd7 23. Rxd3 cxd3 24. Bd2 Kf8 25. Qh4 Ke8 26. Qh8+ Bf8 27. Ne4 Qc7 28. Bg5 Qb7 29. Nd6+ Kd7 30. Nxb7 Bxb7 31. Rd1 Ba6 32. Qf6 Ke8 33. Qh8 Kd7 34. Bh6 Ke7 35. Qf6+ Ke8 36.
Bxf8 1-0

[Event "*** Titled Tuesday Blitz"]
[Site "Chess.com"]
[Date "2019.04.02"]
[Round "10"]
[White "maestroza"]
[Black "fidezivkovic"]
[Result "0-1"]
[WhiteElo "2468"]
[BlackElo "2349"]
[TimeControl "180+2"]
[EndTime "16:17:40 PDT"]
[Termination "fidezivkovic won on time"]

1. e4 c5 2. Nf3 g6 3. d4 cxd4 4. Qxd4 Nf6 5. Nc3 Nc6 6. Qa4 d6 7. e5 dxe5 8. Nxe5 Bd7 9. Nxd7 Qxd7 10. Be3 Bg7 11. Rd1 Qg4 12. Qb5 O-O 13. h3 Qc8 14. Be2 a6 15. Qg5 Nb4 16. Rd2 Rd8 17. Bd1 Rxd2 18.
Bxd2 Nxa2 19. O-O Nxc3 20. Bxc3 Qc7 21. Re1 Rd8 22. Bf3 b5 23. h4 h6 24. Qe3 e6 25. h5 Nxh5 26. Bxh5 Bxc3 27. bxc3 gxh5 28. Qxh6 Rd5 29. g3 Qxc3 30. Rxe6 Rd1+ 31. Kh2 fxe6 32. Qxe6+ Kg7 33. Qe7+ Kg6 34. Qe4+ Kf6 35. Qf4+ Ke6 0-1

[Event "*** Titled Tuesday Blitz"]
[Site "Chess.com"]
[Date "2019.04.02"]
[Round "10"]
[White "Andrew-FB00"]
[Black "Perecke"]
[Result "0-1"]
[WhiteElo "1877"]
[BlackElo "2083"]
[TimeControl "180+2"]
[EndTime "16:17:46 PDT"]
[Termination "Perecke won by resignation"]

1. e4 e5 2. Nf3 Nc6 3. Bb5 a6 4. Ba4 Nf6 5. d4 exd4 6. O-O b5 7. Bb3 d6 8. Re1 Be7 9. Bd5 Nxd5 10. exd5 Ne5 11.
Nxd4 O-O 12. f4 Ng6 13. Nc3 Bb7 14. a3 Bf6 15. Be3 Re8 16. Qd2 Qd7 17. Rad1 Re7 18.
Bf2 Rae8 19. g3 Rxe1+ 20. Rxe1 Rxe1+ 21. Bxe1 Ne7 22. Bf2 Nxd5 23. Nxd5 Bxd5 24. c3 Bb7 25. Qe3 c5 26. Nc2 Qc6 27. Kf1 g6 28. h4 Qh1+ 29. Ke2 Bg2 30. Qe8+ Kg7 31. Ne3 Bf3+ 32. Kd2 Qb1 33.
Nf5+ gxf5 34. Qe3 Qxb2+ 35. Ke1 Bxc3+ 36. Kf1 Bd4 37. Qxf3 Qxf2+ 38. Qxf2 Bxf2 39. Kxf2 d5 0-1

[Event "*** Titled Tuesday Blitz"]
[Site "Chess.com"]
[Date "2019.04.02"]
[Round "10"]
[White "santosalberto1987"]
[Black "mikhaillushenkov"]
[Result "0-1"]
[WhiteElo "2421"]
[BlackElo "2687"]
[TimeControl "180+2"]
[EndTime "16:17:58 PDT"]
[Termination "mikhaillushenkov won by checkmate"]

1. e4 e6 2. d4 d5 3. Nc3 Nf6 4. e5 Nfd7 5. Nce2 c5 6. c3 Nc6 7.
Nf3 cxd4 8. cxd4 f6 9. exf6 Qxf6 10. Nc3 h6 11. g3 Bd6 12. Bg2 O-O 13. O-O a6 14. Be3 Rd8 15. Re1 Nf8 16. Rc1 Bd7 17. Na4 Be8 18. Nc5 Ra7 19. Qd2 Bh5 20.
Ne5 Bxe5 21. dxe5 Nxe5 22. Nd7 Rxd7 23. Bxa7 Nf3+ 24. Bxf3 Bxf3 25. Bd4 Qf5 26. Rc3 Rf7 27.
Ree3 Qb1+ 28. Re1 Qf5 29. Ree3 Qg4 30. Be5 Ng6 31. Qd4 Qh5 32. Rc8+ Kh7 33. Rc7 Nxe5 34. Rxf7 Nxf7 35. Qf4 Ng5 36. Qf8 Be4 37. h4 Qd1+ 38. Kh2 Qh1# 0-1

[Event "*** Titled Tuesday Blitz"]
[Site "Chess.com"]
[Date "2019.04.02"]
[Round "10"]
[White "j2806"]
[Black "HiHaruka"]
[Result "0-1"]
[WhiteElo "1758"]
[BlackElo "2214"]
[TimeControl "180+2"]
[EndTime "16:18:03 PDT"]
[Termination "HiHaruka won by resignation"]

1. e4 e6 2. d4 d5 3. e5 c5 4. c3 Nc6 5. Nf3 Be7 6. Be2 f6 7. exf6 Nxf6 8. O-O O-O 9. Bg5 Ne4 10. Bxe7 Qxe7 11. Nbd2 Nxd2 12. Qxd2 Bd7 13. Rfe1 Rad8 14. Rad1 c4 15. Bf1 Rf5 16. Re3 Rdf8 17. Rde1 Qd6 18. R1e2 b5 19. Ne5 Nxe5 20. Rxe5 a5 21. g3 b4 22. Bh3 R5f6 23. Qe1 Re8 24. Bg2 Kf8 25. f4 bxc3 26. bxc3 Qa3 27. Bxd5 Rc8 28. Bxe6 Bxe6 29.
Rxe6 Rxe6 30. Rxe6 Qxa2 31. Qe5 Qa1+ 32. Kg2 Qxc3 33.
Qd6+ Kg8 34. Qd5 Qb2+ 35. Kh3 Kh8 36. Re7 Qb8 37. Qf7 Rg8 38. f5 Qc8 39. Kg2 Qc6+ 40. Kf2 c3 41. f6 Qxf6+ 42. Qxf6 gxf6 43. Rc7 Rd8 44. Rxc3 Rxd4 45. Ra3 Rd5 46. Ke3 Kg7 47. Ke4 Rh5 48. h4 Re5+ 49. Kf4 Kg6 50. g4 h5 51.
gxh5+ Kxh5 52. Kg3 Kg6 53. Kg4 Rd5 54. Kf4 Rd4+ 55. Kg3 a4 56. Kf3 Kh5 57. Kg3 Rg4+ 58. Kf3 Kxh4 59. Ke3 Rg3+ 0-1

[Event "*** Titled Tuesday Blitz"]
[Site "Chess.com"]
[Date "2019.04.02"]
[Round "10"]
[White "VFernandezB"]
[Black "kasparicy"]
[Result "1-0"]
[WhiteElo "2306"]
[BlackElo "2344"]
[TimeControl "180+2"]
[EndTime "16:18:04 PDT"]
[Termination "VFernandezB won by resignation"]

1. d4 Nf6 2. c4 g6 3. Nc3 d5 4. e3 Bg7 5. b4 O-O 6. Bb2 b6 7. c5 bxc5 8. bxc5 Nc6 9. Nf3 Rb8 10. Rb1 Ne4 11. Bb5 Nxc3 12. Bxc3 Bf5 13. Rb2 Qd7 14. Qa4 Rxb5 15. Qxb5 Rb8 16. Qa4 Rxb2 17. Bxb2 Bd3 18. Qd1 Bc4 19. Qa4 a6 20. Bc3 Qg4 21.
Rg1 Bb5 22. Qd1 Qe4 23. a4 Bc4 24. Nd2 Qd3 25. Nxc4 Qxc3+ 26. Nd2 Nb4 27. Kf1 Qd3+ 28. Qe2 Qc2 29. g3 Nd3 30. Kg2 Nb4 31. a5 Qa4 32. Qd1 Qxa5 33. Qb3 Nc6 34. Rb1 Bf8 35. Nf3 e5 36. Qxd5 exd4 37. exd4 Nb4 38. Rxb4 Qb5 39. Ng5 Qxb4 40. Qxf7+ 1-0

[Event "*** Titled Tuesday Blitz"]
[Site "Chess.com"]
[Date "2019.04.02"]
[Round "10"]
[White "champ2005"]
[Black "Yoshkinkot"]
[Result "1-0"]
[WhiteElo "2807"]
[BlackElo "2581"]
[TimeControl "180+2"]
[EndTime "16:18:09 PDT"]
[Termination "champ2005 won by resignation"]

1. d4 Nf6 2. Nc3 d5 3. Bf4 c6 4. e3 Bf5 5. Nf3 h6 6. Ne5 Nbd7 7. Bd3 Bxd3 8. Qxd3 e6 9. O-O-O Nh5 10. Nxd7 Nxf4 11. exf4 Qxd7 12. Ne2 O-O-O 13. g3 Bd6 14. Kb1 Kb8 15. Ng1 c5 16. dxc5 Bxc5 17. Qe2 Qc7 18. Nf3 Rhe8 19. Rhe1 a6 20. Rd2 Ka7 21. Qe5 Qxe5 22.
Nxe5 Re7 23. Nd3 Bb6 24. f5 Ba5 25. b4 Bc7 26. fxe6 fxe6 27. Rde2 Rde8 28. f4 g5 29. f5 e5 30. f6 Rf7 31. Nxe5 Bxe5 32. Rxe5 Ref8 33. Rxd5 Rxf6 34. Re2 Rb6 35. a3 Rf1+ 36.
Kb2 Rh1 37. Rd3 Rf1 38. c4 Rbf6 39. Rdd2 R6f3 40. c5 Rf6 41. Kb3 R1f3+ 42. Ka4 Rc3 43. Rc2 Rd3 44. Rf2 Re6 45. Rce2 Rc6 46. Rf7 a5 47. Ree7 axb4 48. axb4 Ka8 49. Rxb7 Rd1 50.
Kb5 Re6 51. Rbc7 Kb8 52. Rce7 1-0

[Event "*** Titled Tuesday Blitz"]
[Site "Chess.com"]
[Date "2019.04.02"]
[Round "10"]
[White "Ginger_GM"]
[Black "BlueWizzard"]
[Result "1-0"]
[WhiteElo "2647"]
[BlackElo "2700"]
[TimeControl "180+2"]
[EndTime "16:18:10 PDT"]
[Termination "Ginger_GM won by resignation"]

1. d4 Nc6 2. d5 Ne5 3. Nf3 d6 4. Nxe5 dxe5 5. e4 Nf6 6. Nc3 e6 7. Bg5 a6 8. Bc4 h6 9. Bh4 Qd6 10. Bxf6 gxf6 11. O-O h5 12. Qf3 Be7 13. dxe6 fxe6 14.
Rad1 Qc6 15. Bb3 Bd7 16. Rxd7 Kxd7 17. Qh3 Rad8 18. Rd1+ Kc8 19. Bxe6+ Kb8 20. Bd5 Qb6 21. b3 c6 22. Qe6 Qc5 23. Bc4 b5 24. Bd3 Rh7 25. Ne2 h4 26. h3 Rg7 27. Nc1 Qd6 28. Qf5 Qd7 29. Qf3 Ba3 30. Be2 Qe7 31. Nd3 Rdg8 32. Bf1 Bd6 33. c4 Qe6 34. Qe3 Kb7 35.
cxb5 axb5 36. a4 f5 37. axb5 f4 38. Qc5 Rxg2+ 39. Bxg2 Rxg2+ 40. Kf1 Qxh3 41. Qxc6+ Kb8 42. Qxd6+ Kb7 43. Nc5+ Kc8 1-0

[Event "*** Titled Tuesday Blitz"]
[Site "Chess.com"]
[Date "2019.04.02"]
[Round "10"]
[White "black_pawn_16"]
[Black "suyu28"]
[Result "1-0"]
[WhiteElo "2124"]
[BlackElo "2518"]
[TimeControl "180+2"]
[EndTime "16:18:18 PDT"]
[Termination "black_pawn_16 won by checkmate"]

1. e4 c6 2. Nc3 d5 3. Nf3 Bg4 4. h3 Bxf3 5. Qxf3 e6 6. Be2 Nf6 7. O-O Be7 8. d3 O-O 9. Qg3 Nbd7 10. Bh6 Ne8 11. Rae1 Bh4 12. Qg4 f5 13. exf5 exf5 14. Qh5 gxh6 15. Qxh6 Ng7 16. Bf3 Bg5 17. Qd6 Nb6 18.
Qg3 Bf6 19. Ne2 Bh4 20. Qf4 Bg5 21. Qg3 f4 22. Qh2 Qf6 23. c3 Rae8 24. g3 Nd7 25. h4 Ne5 26. Nd4 Bh6 27. g4 c5 28. g5 Bxg5 29.
hxg5 Qxg5+ 30. Kh1 cxd4 31. Bxd5+ Kh8 32. Rg1 Ng4 33.
Rxe8 Rxe8 34. Be4 h5 35. f3 dxc3 36. bxc3 Nxh2 37. Rxg5 Rxe4 38. fxe4 Ng4 39. Kg2 Kh7 40. Rb5 h4 41. Kf3 h3 42. Kxg4 h2 43. Rb1 Ne6 44.
Rh1 Kg6 45. Rxh2 Nc5 46. Rd2 Ne6 47. d4 Ng5 48. Kxf4 Kf6 49. e5+ Kg6 50. d5 Nh7 51. d6 Kf7 52. d7 Nf8 53. d8=N+ Ke8 54. Kf5 Nd7 55. Rxd7 Kxd7 56. Kf6 Kxd8 57. Kf7 b5 58. e6 a5 59. e7+ Kc7 60. e8=Q Kb6 61. Ke6 b4 62.
cxb4 axb4 63. Kd5 b3 64. axb3 Ka5 65. Kc5 Ka6 66. Qa8# 1-0